 Dungeon Crawl Stone Soup version 0.23.2-1-ga50397a (webtiles) character file.

Game seed: 5135615129654389400

70 MajorAdolf the Sneak (level 4, -5/38 HPs)
             Began as a Naga Wanderer on Apr 25, 2019.
             Slain by Crazy Yiuf
             ... wielding a +4 quarterstaff of chaos
              (9 damage)
             ... on level 2 of the Dungeon.
             The game lasted 00:05:28 (1884 turns).

MajorAdolf the Sneak (Naga Wanderer)                Turns: 1884, Time: 00:05:29

Health: -5/38      AC:  2    Str: 16    XL:     4   Next: 21%
Magic:  7/7        EV:  9    Int: 12    God:
Gold:   66         SH:  0    Dex: 10    Spells: 7/7 levels left

rFire    . . .     SeeInvis +   a - +2 dagger
rCold    . . .     Gourm    .   (no shield)
rNeg     . . .     Faith    .   e - +0 robe
rPois    +         Spirit   .   (no helmet)
rElec    .         Reflect  .   (no cloak)
rCorr    .         Harm     .   (no gloves)
MR       .....                  (no barding)
Stlth    +++.......             (no amulet)
HPRegen  0.12/turn              (no ring)
MPRegen  0.10/turn              (no ring)

@: short of breath, very slow
A: large, see invisible, deformed body, poison resistance, slowness 2, slow
metabolism 1, spit poison 1, AC +1
a: Spit Poison


You were on level 2 of the Dungeon.
You were not hungry.

You visited 1 branch of the dungeon, and saw 2 of its levels.

You collected 66 gold pieces.

Inventory:

Hand Weapons
 a - a +2 dagger (weapon)
Armour
 e - a +0 robe (worn)
Wands
 n - a wand of enslavement (12)
Scrolls
 b - a scroll of blinking
 g - 2 scrolls of remove curse {unknown}
 h - 2 scrolls of identify {unknown}
 i - a scroll of amnesia {unknown}
 l - a scroll of random uselessness {unknown}
 p - a scroll of enchant weapon {unknown}
Potions
 d - a potion of lignification
 j - a potion of heal wounds {unknown}
 k - 2 potions of curing
 m - a potion of agility {unknown}
 o - a potion of berserk rage {unknown}
Comestibles
 f - 3 rations


   Skills:
 - Level 1.0 Fighting
 + Level 2.5 Short Blades
   Level 1.0 Polearms
 - Level 1.0 Throwing
 - Level 1.0 Dodging
 + Level 5.2 Stealth
 - Level 2.0 Spellcasting
   Level 1.0 Earth Magic
 - Level 1.0 Evocations


You had 7 spell levels left.
You didn't know any spells.
Your spell library contained the following spells:

 Spells                   Type           Power        Failure   Level  Hunger
 Corpse Rot               Necr           N/A          38%         2    ###....
 Sublimation of Blood     Necr           #.........   38%         2    ###....


Dungeon Overview and Level Annotations

Branches:
Dungeon (2/15)

Altars:

Annotations:
D:2 Crazy Yiuf


Innate Abilities, Weirdness & Mutations

You cannot wear boots.
Your serpentine skin is tough. (AC +1)
You have supernaturally acute eyesight. (SInv)
Armour fits poorly on your strangely shaped body.
Your system is resistant to poisons. (rPois)
You cover ground very slowly.
You have a slow metabolism.
You can spit poison.


Message History

You barely miss Crazy Yiuf.
Crazy Yiuf is heavily wounded.
Crazy Yiuf hits you with a +4 quarterstaff of chaos.
Crazy Yiuf burns you.
* * * LOW HITPOINT WARNING * * *
Unknown command.
You hit Crazy Yiuf but do no damage.
Crazy Yiuf is heavily wounded.
You have got your breath back.
Crazy Yiuf looks more healthy.
Crazy Yiuf drinks a potion.
Crazy Yiuf is healed!
Press: ? - help, Shift-Dir - straight line, f/p - Crazy Yiuf
Aim: Crazy Yiuf, wielding a +4 quarterstaff of chaos and wearing a +0 cloak (lightly wounded)
The splash of poison hits Crazy Yiuf!
Crazy Yiuf is poisoned.
Crazy Yiuf is heavily wounded.
You feel slightly more hungry.
Crazy Yiuf hits you with a +4 quarterstaff of chaos!
* * * LOW HITPOINT WARNING * * *
You are electrocuted!
You die...

#####.#
##.............##..
#.....#
#....####...#..##..
#.....# #....#
#...#.....# #.....#
♣.♣..♣ #...##..###
##....# ♣...♣♣
#.......... #....#
♣♣.♣♣ #....##...#
###....# ♣.♣♣
##.#.#.....
#......# ♣♣.♣
#.#.....##
######......# ♣@♣♣
#.###...#
†...........# ♣♣g♣
#.# #.J.#
#####.......# #'#
#.... #.......# ...
#.g.. ##......#
#...# ## #......#
#..)# .# ########
##### .# ...


You could see Crazy Yiuf.

Vanquished Creatures
  2 adders (D:2)
  2 worms (D:2)
  7 bats
  3 giant cockroaches
  7 goblins
  7 hobgoblins
  A jackal (D:2)
  5 kobolds
  2 frilled lizards
  6 rats
42 creatures vanquished.

Notes
Turn   | Place    | Note
-------+----------+-------------------------------------------
     0 | D:1      | MajorAdolf the Naga Wanderer began the quest for the Orb.
     0 | D:1      | MajorAdolf set off with the following items: a +2 dagger, a
                  | scroll of blinking, a potion of lignification, a +0 robe, a
                  | ration; and the following spells available to memorise:
                  | Corpse Rot, Sublimation of Blood
     0 | D:1      | Reached XP level 1. HP: 18/18 MP: 3/3
   161 | D:1      | Reached skill level 1 in Short Blades
   161 | D:1      | Reached XP level 2. HP: 18/25 MP: 5/5
   761 | D:1      | Reached skill level 4 in Stealth
  1014 | D:2      | Reached XP level 3. HP: 31/31 MP: 6/6
  1646 | D:2      | Reached skill level 5 in Stealth
  1666 | D:2      | Reached XP level 4. HP: 34/38 MP: 7/7
  1844 | D:2      | Found a runed translucent door.
  1845 | D:2      | Noticed Crazy Yiuf
  1884 | D:2      | Slain by Crazy Yiuf

Skill      XL: |  1  2  3 |
---------------+----------+-----
Short Blades   | 1 2 |  2.5
Stealth        | 4 5 |  5.2
Fighting       | |  1.0
Polearms       | |  1.0
Throwing       | |  1.0
Dodging        | |  1.0
Spellcasting   | |  2.0
Earth Magic    | |  1.0
Evocations     | |  1.0

Action                   |  1- 3 |  4- 6 || total
-------------------------+-------+-------++-------
Melee: Dagger            |    62 |    11 ||    73
 Abil: Spit Poison       |    37 |     5 ||    42
 Stab: Sleeping          |     3 |       ||     3
  Eat: Chunk             |     3 |     1 ||     4
Armor: Robe              |    10 |       ||    10
Dodge: Dodged            |    25 |     3 ||    28
